 Dungeon Crawl Stone Soup version 0.30-a0-591-g3c58d2bc28 (webtiles) character file.

Game seed: 94646632066606762

77 Newt the Trooper (level 4, -2/37 HPs)
             Began as a Demonspawn Gladiator on Jan 5, 2023.
             Slain by Sigmund
             ... wielding a +0 scythe
              (5 damage)
             ... on level 2 of the Dungeon.
             The game lasted 00:01:52 (1204 turns).

Newt the Trooper (Demonspawn Gladiator)             Turns: 1204, Time: 00:01:53

Health: -2/37      AC:  7    Str: 16    XL:     4   Next: 14%
Magic:  4/4        EV: 12    Int:  9    God:
Gold:   52         SH:  0    Dex: 15    Spells: 3/3 levels left

rFire   . . .      SeeInvis .    l - +2 short sword (venom)
rCold   . . .      Faith    .    (no shield)
rNeg    . . .      Spirit   .    b - +0 leather armour
rPois   .          Reflect  .    c - +0 helmet
rElec   .          Harm     .    (no cloak)
rCorr   .          Rampage  .    k - +2 pair of gloves
Will    .....                    (no boots)
Stlth   ++                       (no amulet)
HPRegen 0.26/turn                (no ring)
MPRegen 0.09/turn                (no ring)

@: mighty, flying
A: ignite blood 1, demonic magic 1
a: no special abilities


You were on level 2 of the Dungeon.
You visited 1 branch of the dungeon, and saw 2 of its levels.

You collected 52 gold pieces.

Inventory:

Hand Weapons
 a - a +0 rapier
 l - a +2 short sword of venom (weapon)
Missiles
 d - 2 throwing nets (quivered)
 h - a javelin
Armour
 b - a +0 leather armour (worn)
 c - a +0 helmet (worn)
 k - a +2 pair of gloves (worn)
Scrolls
 e - a scroll of amnesia
 f - a scroll of magic mapping
Potions
 j - a potion of flight


   Skills:
 + Level 3.8 Fighting
 - Level 2.6 Short Blades
 - Level 1.7 Throwing
 - Level 2.6 Dodging
 - Level 2.0 Stealth


You had 3 spell levels left.
You didn't know any spells.
Your spell library contained the following spells:

 Spells                   Type           Power      Damage    Failure   Level
 Malign Gateway           Summ/Tloc      0%         N/A       100%        7
 Summon Horrible Things   Summ           0%         N/A       100%        8


Dungeon Overview and Level Annotations

Branches:
Dungeon (2/15)

Altars:

Annotations:
D:2 Sigmund


Innate Abilities, Weirdness & Mutations

Your demonic aura sometimes causes spilled blood to erupt in flames.
Spells you cast may paralyse adjacent enemies.


Message History

Sigmund is lightly wounded.
You closely miss Sigmund.
Sigmund is lightly wounded.
Sigmund mumbles some strange words.
Sigmund flickers and vanishes!
Deactivating autopickup; reactivate with Ctrl-A.
You hear some strange, mumbled words.
You are confused.
The rat bites you but does no damage. Something hits you.
You're too confused to move!
The rat barely misses you. The rat attacks as you move away!
The rat misses you. Something hits you.
You hit the rat.
You kill the rat!
Something hits you.
You closely miss something.
You bump into the rock wall.
You feel less confused. Something hits you.
You miss something. You miss something. Something hits you.
You miss something. You closely miss something.
Something hits you but does no damage.
You hit something but do no damage. Something hits you but does no damage.
You barely miss something.
A kobold comes into view. It is wielding a +0 dagger.
You miss something. Something hits you!
The kobold shouts!
You hit something.
You hear some strange, mumbled words.
A puff of flame appears from out of thin air!
The puff of flame hits you!
* * * LOW HITPOINT WARNING * * *
It was a potion of flight.
You feel very buoyant.
You fly up into the air.
Something hits you.
* * * LOW HITPOINT WARNING * * *
It was a potion of might.
You feel very mighty all of a sudden. Something hits you.
You die...

,,,,,,,,,,*,,............#
,,,,,,,,,,*,*##.####.##..########
,,,,,,,,,,,,* #.,#*#.##..........
,,,,,,,,,,,,* #.#.*#.##.#########
,,,,,,,**...####.###.##.# #
,,,******.K..........##.# # ****
**..####.######.# #### * ****,,*
#.# #.# #... *******,,,,,***#@#
#.# #... **,,,,,>,........# #.#
#... **,****,*#.####..#
#.######... **,* *,**,* #..#
#.......... **,***#.#*,* #.$#
########... .#,*,,...,,* #..#
#.)†. #..,,*#.#*** #..# ###.#.#
..#***#.# #..#******###...#..
..#** #.# *,,,,,,,,,,...#####


There were no monsters in sight!

Vanquished Creatures
  Terence (D:2)
  2 gnolls (D:1)
  A worm (D:2)
  A dart slug (D:1)
  4 endoplasms (D:1)
  2 giant cockroaches (D:1)
  2 goblins
  4 hobgoblins
  3 kobolds
  A quokka (D:1)
  3 ball pythons (D:1)
  A bat (D:2)
  3 frilled lizards (D:1)
  3 rats
31 creatures vanquished.

Notes
Turn   | Place    | Note
-------+----------+-------------------------------------------
     0 | D:1      | Newt the Demonspawn Gladiator began the quest for the Orb.
     0 | D:1      | Reached XP level 1. HP: 16/16 MP: 1/1
    82 | D:1      | Reached skill level 1 in Stealth
    89 | D:1      | Gained mutation: Your demonic aura sometimes causes spilled
                  | blood to erupt in flames. [demonic ancestry]
    89 | D:1      | Reached XP level 2. HP: 15/22 MP: 2/2
   446 | D:1      | HP: 1/22 [endoplasm (2)]
   655 | D:1      | Reached XP level 3. HP: 24/28 MP: 3/3
   825 | D:1      | Reached skill level 3 in Fighting
  1081 | D:2      | Noticed Terence
  1086 | D:2      | Killed Terence
  1087 | D:2      | Gained mutation: Spells you cast may paralyse adjacent
                  | enemies. [demonic ancestry]
  1087 | D:2      | Reached XP level 4. HP: 37/37 MP: 4/4
  1180 | D:2      | Noticed Sigmund
  1204 | D:2      | Slain by Sigmund

Illustrated notes

Levels and vault maps discovered:
D:1:      moated_graveyard_arrival, layout_rooms, chequers_serial_rivers_small_a
D:2:      layout_loops_ring, uniq_crazy_yiuf_cottage, uniq_terence, uniq_sigmund

Skill      XL: |  1  2  3 |
---------------+----------+-----
Stealth        | 1 2 |  2.0
Fighting       | 3 |  3.8
Short Blades   | |  2.6
Throwing       | |  1.7
Dodging        | |  2.6

Action                   |  1- 3 |  4- 6 || total
-------------------------+-------+-------++-------
Melee: Rapier            |    55 |       ||    55
       Short sword       |    23 |    20 ||    43
       Punch             |     1 |       ||     1
Throw: Javelin           |     2 |       ||     2
       Throwing net      |     5 |       ||     5
  Use: Scroll            |     5 |       ||     5
       Potion            |       |     2 ||     2
 Stab: Sleeping          |       |     1 ||     1
Armor: Leather armour    |    21 |     5 ||    26
Dodge: Dodged            |    37 |     8 ||    45

Table legend: (Time is in decaauts)
 A = Elapsed time spent in this place.
 B = Non-inter-level travel time spent in this place.
 C = Inter-level travel time spent in this place.
 D = Time resting spent in this place.
 E = Time spent auto-exploring this place.
 F = Levels seen in this place.
 G = Mean time per level.
                   A        B        C        D        E       F      G
               +--------+--------+--------+--------+--------+-----+--------+
         Total |   1204 |   1171 |     33 |    342 |    571 |   2 |  602.0 |
       Dungeon |   1204 |   1171 |     33 |    342 |    571 |   2 |  602.0 |
               +--------+--------+--------+--------+--------+-----+--------+

Top non-repeatable levels by time:
     D:1: 956 daAuts
     D:2: 247 daAuts
